 Dungeon Crawl Stone Soup version 0.17-a0-1711-gc5340a3 (webtiles) character file.

172 kae the Firebug (level 5, -2/28 HPs)
             Began as a Tengu Fire Elementalist on Aug 22, 2015.
             Slain by an orc priest
             ... wielding a +0 club
              (3 damage)
             ... on level 3 of the Dungeon.
             The game lasted 00:04:12 (2449 turns).

kae the Firebug (Tengu Fire Elementalist)           Turns: 2449, Time: 00:04:12

Health: -2/28      AC:  2    Str:  8    XL:     5   Next: 53%
Magic:  1/9        EV: 13    Int: 17    God:
Gold:   80         SH:  0    Dex: 16    Spells: 3 memorised, 2 levels left

rFire  . . .     SeeInvis .     g - +0 spear
rCold  . . .     Clarity  .     a - +0 robe
rNeg   . . .     SustAt   .     (no shield)
rPois  .         Gourm    .     (helmet restricted)
rElec  .         Spirit   .     (no cloak)
rCorr  .         Warding  .     (no gloves)
rMut   .         Stasis   .     (boots unavailable)
MR     .....                    (no amulet)
Stlth  ++........               j - +2 ring of dexterity
                                (no ring)

@: not resistant to hostile enchantments, unstealthy
A: beak, talons 3, able to fly 1
a: Fly


You were on level 3 of the Dungeon.
You were not hungry.

You visited 1 branch of the dungeon, and saw 3 of its levels.

You collected 80 gold pieces.

Inventory:

Hand weapons
 g - a +0 spear (weapon)
Armour
 a - a +0 robe (worn)
Jewellery
 f - an uncursed ring of ice
 j - a +2 ring of dexterity (right hand)
 l - an uncursed ring of wizardry {unknown}
Magical devices
 n - a wand of flame (9)
 u - a wand of teleportation (5)
Scrolls
 d - 3 scrolls of identify {unknown}
 e - a scroll of teleportation {unknown}
 h - a scroll of enchant armour {unknown}
 k - 3 scrolls of remove curse {unknown}
 m - a scroll of noise {unknown}
 o - a scroll of enchant weapon {unknown}
Potions
 i - 3 potions of might {unknown}
 q - a potion of heal wounds {unknown}
Books
 b - a book of Flames

   Spells                             Type                      Level
   a - Flame Tongue                   Conjuration/Fire             1
   b - Throw Flame                    Conjuration/Fire             2
   c - Conjure Flame                  Conjuration/Fire             3
   d - Inner Flame                    Hexes/Fire                   3
   e - Sticky Flame                   Conjuration/Fire             4
   f - Fireball                       Conjuration/Fire             5
Comestibles
 c - 4 bread rations
 p - a slice of pizza
 r - a beef jerky
 s - 3 fruits
 t - a chunk of flesh


   Skills:
 - Level 2.1 Dodging
 - Level 2.0 Stealth
 - Level 2.0 Spellcasting
 - Level 1.3 Conjurations
 + Level 6.6 Fire Magic


You had 2 spell levels left.
You knew the following spells:

 Your Spells              Type           Power        Failure   Level  Hunger
a - Flame Tongue          Conj/Fire      ###..        3%          1    #......
b - Throw Flame           Conj/Fire      ###...       6%          2    ###....
c - Conjure Flame         Conj/Fire      ###.....     12%         3    ###....


Dungeon Overview and Level Annotations

Branches:
Dungeon (3/15)

Altars:
Ashenzari
Nemelex Xobeh


Innate Abilities, Weirdness & Mutations

You have a beak for a mouth.
You have claws for feet.
You can fly.


Message History

Press: ? - help, Shift-Dir - straight line, f/p - orc priest
Aim: an orc priest, wielding a club and wearing a ring mail (severely wounded)
The flame tongue hits the orc priest.
The orc priest is severely wounded.
The orc priest hits you but does no damage.
Casting: Flame Tongue
Confirm with . or Enter, or press ? or * to list all spells.
Aiming: Flame Tongue
Press: ? - help, Shift-Dir - straight line, f/p - orc priest
Aim: an orc priest, wielding a club and wearing a ring mail (severely wounded)
The flame tongue hits the orc priest.
The orc priest is severely wounded.
The orc priest completely misses you.
Casting: Flame Tongue
Confirm with . or Enter, or press ? or * to list all spells.
Aiming: Flame Tongue
Press: ? - help, Shift-Dir - straight line, f/p - orc priest
Aim: an orc priest, wielding a club and wearing a ring mail (severely wounded)
The flame tongue misses the orc priest.
The orc priest hits you with a club.
You die...

### ####.# #########
#..... ##...#...###
#..... ##..........#####
#.....
#............#....
####..
#............)#...# ##.
#.............#.....
###.
#.....o@.....#.....##.#.
##...#.......#......#.#.
### ###.....####...#.#.
#########.....+_#.......
#.......##...####...#.#.
#..........).#..........
#........#...#..........
#.......#....#........[.
#.........)..#......†...


You could see an orc priest.

Vanquished Creatures
  Robin (D:3)
  7 adders
  2 oozes
  3 worms
  2 orcs (D:3)
  2 ball pythons
  5 bats
  6 giant cockroaches
  12 goblins
  8 hobgoblins
  8 jackals
  11 kobolds
  3 giant newts (D:2)
  9 rats
79 creatures vanquished.

Notes
Turn   | Place    | Note
--------------------------------------------------------------
     0 | D:1      | kae the Tengu Fire Elementalist began the quest for the Orb.
     0 | D:1      | Reached XP level 1. HP: 10/10 MP: 4/4
   147 | D:1      | Found a sparkling altar of Nemelex Xobeh.
   205 | D:1      | Reached skill level 4 in Fire Magic
   205 | D:1      | Reached XP level 2. HP: 13/15 MP: 6/6
   699 | D:1      | Reached XP level 3. HP: 19/19 MP: 3/7
   889 | D:2      | Learned a level 2 spell: Throw Flame
   893 | D:2      | Learned a level 3 spell: Conjure Flame
  1027 | D:2      | Reached skill level 5 in Fire Magic
  1269 | D:2      | Reached XP level 4. HP: 16/24 MP: 4/8
  1655 | D:3      | Found a shattered altar of Ashenzari.
  1656 | D:3      | Noticed Robin
  1743 | D:3      | Reached skill level 6 in Fire Magic
  1751 | D:2      | Gained mutation: You can fly. [Tengu growth]
  1751 | D:2      | Reached XP level 5. HP: 19/28 MP: 1/9
  2383 | D:3      | Killed Robin
  2446 | D:3      | HP: 1/28 [orc priest/divine providence (11)]
  2449 | D:3      | Slain by an orc priest

Vault maps used:
D:1:      onia_arrival_pentagram, roderic_bali_sauvastika,
          hangedman_decor_growths, nemelex_deck
D:3:      ashenzari_conservatory_becter, fountainhead, uniq_robin

Action                   |  1- 3 |  4- 6 || total
-------------------------+-------+-------++-------
Melee: Spear             |    44 |    27 ||    71
 Cast: Flame Tongue      |    49 |    70 ||   119
       Throw Flame       |     4 |     4 ||     8
 Stab: Sleeping          |     2 |       ||     2
  Eat: Chunk             |     2 |     5 ||     7
